 Seeded DCSS version 0.29.1-13-g9f3cf754e1 (webtiles) character file.

Game seed: 16245865983455551772 (custom seed)

11 OTABOTABOTAB the Caller (level 2, 17/17 HPs)
             Began as an Octopode Summoner on Jan 28, 2023.
             Quit the game on level 1 of the Dungeon on Jan 29, 2023.
             The game lasted 00:01:34 (408 turns).

OTABOTABOTAB the Caller (Octopode Summoner)          Turns: 408, Time: 00:01:35

Health: 17/17      AC:  1    Str:  7    XL:     2   Next: 25%
Magic:  5/5        EV: 13    Int: 17    God:
Gold:   2412       SH:  0    Dex: 12    Spells: 2/5 levels left

rFire   . . .      SeeInvis .   d - +6 shortbow (flame)
rCold   . . .      Faith    .   (shield currently unavailable)
rNeg    . . .      Spirit   .   (helmet restricted)
rPois   .          Reflect  .   (no amulet)
rElec   .          Harm     .   (no ring)
rCorr   .          Rampage  .   (no ring)
Will    .....                   (no ring)
Stlth   +++.......              (no ring)
HPRegen 0.05/turn               (no ring)
MPRegen 0.09/turn               (no ring)
                                (no ring)
                                (no ring)

@: no status effects
A: almost no armour, amphibious, 8 rings, camouflage 1, gelatinous body 1,
(nimble swimmer 1), tentacles
a: no special abilities


You were on level 1 of the Dungeon.
You visited 1 branch of the dungeon, and saw 1 of its levels.

You collected 2412 gold pieces.

Inventory:

Hand Weapons
 d - a +6 shortbow of flaming (weapon)
   (You acquired it on level 1 of the Dungeon)
Missiles
 b - 2 poisoned darts
 s - 6 stones
Potions
 a - 2 potions of flight {unknown}
 M - a potion of magic


   Skills:
 - Level 2.0 Dodging
 - Level 2.6 Stealth
 + Level 2.3 Spellcasting
 + Level 4.2 Summonings


You had 2 spell levels left.
You knew the following spells:

 Your Spells              Type           Power      Damage    Failure   Level
a - Summon Small Mammal   Summ           64%        N/A       3%          1
c - Call Imp              Summ           16%        N/A       4%          2

Your spell library contained the following spells:

 Spells                   Type           Power      Damage    Failure   Level
 Call Canine Familiar     Summ           16%        N/A       10%         3
 Summon Guardian Golem    Hex/Summ       9%         N/A       24%         3
 Summon Lightning Spire   Summ/Air       9%         N/A       61%         4


Dungeon Overview and Level Annotations

Branches:
Dungeon (1/15)

Altars:


Innate Abilities, Weirdness & Mutations

You cannot wear most types of armour.
You are amphibious.
You can wear up to eight rings at the same time.
Your skin changes colour to match your surroundings (Stealth+).
Your rubbery body absorbs attacks. (AC +1, EV +1)
((You are camouflaged when in or above water. (Stealth+)))
You have tentacles for arms and can constrict up to eight enemies at once.


Message History

Your quokka bites the quokka but does no damage.
Your rat barely misses the quokka.
You hit the quokka. Your grab misses the quokka. The quokka bites you.
Your quokka bites the quokka.
Your rat closely misses the quokka.
The quokka barely misses your quokka.
You take 4 damage, and have 7/11 hp.
MASSIVE DAMAGE!!
You hit the quokka but do no damage. Your grab misses the quokka.
You squeeze the quokka.
You kill the quokka!
You swap places.
You see here a +0 dagger.
Your quokka disappears in a puff of smoke!
Your rat disappears in a puff of smoke!
s - 6 stones An endoplasm comes into view.
You see here 3 scrolls labelled WAC GOIFOFITOUPLEC.
Health restored: 11; MP restored: 3 An endoplasm is nearby!
c - 3 scrolls labelled WAC GOIFOFITOUPLEC This is a scroll of acquirement!
Something appears before you!
d - a +6 shortbow of flaming Something appears before you!
The endoplasm quivers.
Something appears before you!
You now have 2402 gold pieces.
The endoplasm hits you.
You take 1 damage, and have 10/11 hp.
You hit the endoplasm but do no damage. The endoplasm misses you.
You hit the endoplasm but do no damage. You squeeze the endoplasm.
You kill the endoplasm!
No target in view!
You aren't carrying any scrolls.
You are now empty-tentacled.
Health restored: 11 Your +6 shortbow of flaming bursts into flame!
d - a +6 shortbow of flaming (weapon)
You drop a +0 sling.
You drop a +0 dagger.
Your +6 shortbow of flaming stops flaming.
You are now empty-tentacled.
You are already empty-tentacled.
a - a +0 dagger Your +6 shortbow of flaming bursts into flame!
d - a +6 shortbow of flaming (weapon)
You drop a +0 dagger.
A ball python comes into view.
A ball python is nearby!
You shoot an arrow. The arrow hits the ball python!
The arrow burns the ball python.
You kill the ball python!
No target in view!
You now have 2412 gold pieces (gained 10).
a - 2 cyan potions No target in view!
Found a faded altar of an unknown god.
There is a faded altar of an unknown god here.
You open the door.
A rat and an endoplasm come into view.
You shoot an arrow. The arrow hits the endoplasm!
The arrow burns the endoplasm.
You kill the endoplasm!
You have reached level 2!
Health restored: 17; MP restored: 5 You shoot an arrow.
The arrow hits the rat.
The arrow burns the rat.
You kill the rat!
No target in view!
No target in view!
You aren't carrying any pieces of jewellery.
Memorise Call Imp, consuming 2 spell levels and leaving 2?
You start memorising the spell.
You continue memorising. x2
You finish memorising.
Spell assigned to 'c'.
There is an open door here.
You open the door.
There is an open door here.
A frilled lizard comes into view.
You shoot an arrow. The arrow hits the frilled lizard.
The arrow burns the frilled lizard.
You kill the frilled lizard!
You hear an angry hiss.
No target in view!
No target in view!
No target in view!
b - 2 poisoned darts A ball python comes into view.
A ball python is nearby!
A ball python is nearby!
You shoot an arrow. The ball python hisses angrily.
The arrow hits the ball python.
The arrow burns the ball python.
You kill the ball python!
No target in view!
No target in view!
No target in view!
A quokka comes into view.
Bad channel name for runrest: 'Jiyva says: Divide and consume' Welcome back, OTABOTABOTAB the Octopode Summoner.
Game seed: 16245865983455551772 (custom seed)
You shoot an arrow. The arrow hits the quokka!
The arrow burns the quokka.
You kill the quokka!

#.# #.# #.# #.#
#.# #.# # #.#
...##.#.#######
.......@......#
...##..........
†.......###..
######.#.#
#.#.# #.#.#
#+#.. #


There were no monsters in sight!

Vanquished Creatures
  2 ball pythons (D:1)
  2 endoplasms (D:1)
  A goblin (D:1)
  2 quokkas (D:1)
  A frilled lizard (D:1)
  A rat (D:1)
9 creatures vanquished.

Notes
Turn   | Place    | Note
-------+----------+-------------------------------------------
     0 | D:1      | OTABOTABOTAB the Octopode Summoner began the quest for the
                  | Orb.
     0 | D:1      | Reached XP level 1. HP: 11/11 MP: 3/3
   192 | D:1      | Identified 3 scrolls of acquirement
   192 | D:1      | Acquired a +6 shortbow of flaming
   194 | D:1      | Acquired 1248 gold pieces
   195 | D:1      | Acquired 1154 gold pieces
   279 | D:1      | Found a faded altar of an unknown god.
   299 | D:1      | Reached XP level 2. HP: 17/17 MP: 5/5
   303 | D:1      | Learned a level 2 spell: Call Imp
   408 | D:1      | Quit the game

Illustrated notes

Levels and vault maps discovered:
D:1:      minmay_arrival_hallway, layout_loops_corners, basic_ecumenical_altar,
          minmay_unequal

Action                   || total
-------------------------++-------
Melee: Dagger            ||     4
       Tentacles         ||     2
 Fire: Sling             ||     4
       Shortbow          ||     6
 Cast: Summon Small Mamm ||     2
  Use: Scroll            ||     3
Dodge: Dodged            ||     1

Table legend: (Time is in decaauts)
 A = Elapsed time spent in this place.
 B = Non-inter-level travel time spent in this place.
 C = Inter-level travel time spent in this place.
 D = Time resting spent in this place.
 E = Time spent auto-exploring this place.
 F = Levels seen in this place.
 G = Mean time per level.
                   A        B        C        D        E       F      G
               +--------+--------+--------+--------+--------+-----+--------+
         Total |    409 |    409 |      0 |      0 |    347 |   1 |  409.0 |
       Dungeon |    409 |    409 |      0 |      0 |    347 |   1 |  409.0 |
               +--------+--------+--------+--------+--------+-----+--------+

Top non-repeatable levels by time:
     D:1: 409 daAuts

Table legend:
 A = Kills in this place as a percentage of kills in entire the game.
 B = Kills by you in this place as a percentage of kills by you in the entire game.
 C = Kills by friends in this place as a percentage of kills by friends in the entire game.
 D = Other kills in this place as a percentage of other kills in the entire game.
 E = Experience gained in this place as a percentage of experience gained in the entire game.
 F = Experience gained in this place divided by the number of levels of this place that you have seen.
                   A       B       C       D       E      F
               +-------+-------+-------+-------+-------+----------------------
         Total | 100.0 | 100.0 |   N/A |   N/A | 100.0 |  16.0
       Dungeon | 100.0 | 100.0 |   N/A |   N/A | 100.0 |  16.0
               +-------+-------+-------+-------+-------+----------------------
